 Dungeon Crawl Stone Soup version 0.21.1-1-g345015f (webtiles) character file.

18475 Fang the Cleaver (level 12, -1/120 HPs)
             Began as a Gargoyle Berserker on May 24, 2018.
             Was the Champion of Trog.
             Slain by a ten-headed hydra (2 damage)
             ... on level 2 of the Lair of Beasts.
             The game lasted 00:18:35 (12561 turns).

Fang the Cleaver (Gargoyle Berserker)              Turns: 12561, Time: 00:18:35

Health: -1/120     AC: 13    Str: 33    XL:     12   Next: 58%
Magic:  12/12      EV: 15    Int: 13    God:    Trog [******]
Gold:   818        SH:  0    Dex: 11    Spells: 11/11 levels left

rFire    . . .     SeeInvis .   a - +4 hand axe
rCold    + . .     Gourm    .   (no shield)
rNeg     + . .     Faith    .   p - +1 leather armour of the Six Suns {*Drain Str+4 Int+3}
rPois    ∞         Spirit   .   (no helmet)
rElec    +         Reflect  .   (no cloak)
rCorr    .         Harm     .   (no gloves)
MR       .....                  (no boots)
Stlth    ..........             t - amulet of regeneration
HPRegen  0.70/turn              k - +2 ring of dexterity
MPRegen  0.13/turn              D - ring of protection from cold

@: berserking, very quick
A: negative energy resistance 1, electricity resistance, unbreathing,
petrification resistance, rot immunity, AC +8
a: Berserk, Trog's Hand, Brothers in Arms, Burn Spellbooks, Renounce Religion


You were on level 2 of the Lair of Beasts.
You worshipped Trog.
Trog was exalted by your worship.
You were very hungry.

You visited 3 branches of the dungeon, and saw 14 of its levels.

You collected 818 gold pieces.

Inventory:

Hand Weapons
 a - a +4 hand axe (weapon)
 M - a +2 antimagic demon blade
Missiles
 q - 18 javelins (quivered)
Armour
 p - the +1 leather armour of the Six Suns (worn) {*Drain Str+4 Int+3}
   (You found it on level 5 of the Dungeon)

   It affects your strength (+4).
   It affects your intelligence (+3).
   It causes draining when unequipped.
Jewellery
 e - an uncursed ring of ice
 k - a +2 ring of dexterity (left hand)
 t - an amulet of regeneration (around neck)
 D - a ring of protection from cold (right hand)
 K - an uncursed amulet of harm {unknown}
Wands
 j - a wand of random effects (38)
 m - a wand of enslavement (26)
 s - a wand of disintegration (9)
 v - a wand of digging (17)
 E - a wand of acid (16)
 F - a wand of paralysis (17)
 I - a wand of flame (25)
Scrolls
 f - 4 scrolls of remove curse
 g - 6 scrolls of teleportation
 l - 5 scrolls of identify
 u - 2 scrolls of enchant armour
 x - 2 scrolls of fear
 y - a scroll of fog
 z - a scroll of silence
 B - a scroll of blinking
Potions
 b - 2 potions of ambrosia
 d - 2 potions of lignification
 h - 2 potions of haste
 i - a potion of cancellation
 n - 3 potions of curing
 o - a potion of resistance
 r - 3 potions of brilliance
 w - 5 potions of might
 A - 2 potions of agility
 C - a potion of flight
 H - a potion of magic {unknown}
 J - a potion of berserk rage {unknown}
Comestibles
 c - 13 rations


   Skills:
 + Level 11.0 Fighting
 + Level 13.1 Axes
 + Level 6.6 Armour
 + Level 6.8 Dodging
 + Level 5.8 Stealth


You had 11 spell levels left.
You didn't know any spells.

Dungeon Overview and Level Annotations

Branches:
Dungeon (11/15)            Temple (1/1) D:5            Lair (2/6) D:9
    Orc (0/2) D:11
  Swamp: Lair:2-4    Shoals: Lair:2-4     Snake: Lair:2-4    Spider: Lair:2-4

Altars:
Ashenzari
Cheibriados
Dithmenos
Elyvilon
Fedhas
Gozag
Hepliaklqana
Kikubaaqudgha
Makhleb
Nemelex Xobeh
Okawaru
Qazlal
Ru
Sif Muna
Trog
Uskayaw
Vehumet
Wu Jian
Xom
Yredelemnul
Zin
The Shining One
Lugonu

Shops:
D:6 (

Annotations:
D:9 5 runed doors


Innate Abilities, Weirdness & Mutations

You are resistant to torment.
Your stone body is resilient. (AC +8)
You are immune to poison.
You resist negative energy. (rN+)
You are resistant to electric shocks. (rElec)
You can survive without breathing.
You are immune to petrification.
You are immune to rotting.


Message History

Unknown command.
The yak bellows!
You slice one of the nine-headed hydra's heads off!
The eight-headed hydra grows two more!
You slash the ten-headed hydra!
The ten-headed hydra is moderately wounded.
You slash the spiny frog!
You kill the spiny frog!
Trog accepts your kill.
The ten-headed hydra bites you but does no damage. x2
The ten-headed hydra misses you. The ten-headed hydra bites you.
* * * LOW HITPOINT WARNING * * *
The ten-headed hydra bites you.
* * * LOW HITPOINT WARNING * * *
The ten-headed hydra bites you but does no damage.
The ten-headed hydra bites you.
* * * LOW HITPOINT WARNING * * *
The ten-headed hydra bites you but does no damage.
The ten-headed hydra closely misses you.
The ten-headed hydra bites you.
You die...

..........##
###P..#...##
###.##...#
###....# ##..##
#...## ###....#
.Y#P####.#...##
.Y....D@.....#
?...YYY..[...#
.............#
###P#..#.....#
# #####....P#
#....## #.....#
.....#.


You could see a ten-headed hydra and 5 yaks.

Vanquished Creatures
  A centaur warrior (D:9)
  3 two-headed ogres
  Pikel (D:8)
  An ugly thing (D:10)
  A centaur zombie (D:11)
  A black mamba (Lair:1)
  A spiny frog (Lair:2)
  A gargoyle (D:9)
  The ghost of Dharzhak the Digger, a novice GrEE (D:5)
  A queen bee (D:9)
  3 trolls
  2 hornets
  3 hippogriffs
  2 vampires
  2 wyverns
  10 yaks (Lair:1)
  The ghost of ck1fx the Poker, an amateur DsAK of Lugonu (D:4)
  3 basilisks
  5 wargs (D:11)
  2 acid dragons
  2 water moccasins
  4 porcupines (Lair:1)
  A sky beast (D:7)
  8 orc warriors
  3 phantoms
  4 ice beasts
  A necrophage (D:8)
  4 slaves (D:8)
  9 ogres
  18 wolves (Lair:1)
  7 centaurs
  A crocodile (D:9)
  5 bullfrogs
  A wyvern zombie (D:10)
  A wyvern skeleton (D:9)
  A scorpion (D:7)
  22 killer bees
  6 howler monkeys
  A quasit (D:8)
  4 crimson imps
  3 jellies
  A bullfrog skeleton (D:11)
  12 hounds
  7 orc priests
  3 gnoll shamans
  2 centaur skeletons
  Terence (D:2)
  5 orc wizards
  2 iguanas
  3 worker ants
  A hound zombie (D:9)
  2 hound skeletons (D:8)
  2 worker ant zombies
  8 adders
  12 gnolls
  A howler monkey skeleton (D:6)
  4 shadow imps
  An ooze (D:1)
  3 adder skeletons
  An adder zombie (D:6)
  3 worms
  2 dart slugs
  8 leopard geckos
  33 orcs
  11 bats
  4 giant cockroaches
  2 goblins (D:1)
  11 hobgoblins
  3 jackals
  2 quokkas
  A ball python (D:1)
  6 frilled lizards
  A jackal skeleton (D:8)
  8 kobolds
  A leopard gecko zombie (D:7)
  A quokka zombie (D:5)
  11 rats
  2 demonic plants (Temple)
332 creatures vanquished.

Vanquished Creatures (collateral kills)
  3 yaks (Lair:1)
3 creatures vanquished.

Vanquished Creatures (others)
  A fungus (Lair:2)
  3 plants (Lair:2)
4 creatures vanquished.

Grand Total: 339 creatures vanquished

Notes
Turn   | Place    | Note
-------+----------+-------------------------------------------
     0 | D:1      | Fang the Gargoyle Berserker began the quest for the Orb.
     0 | D:1      | Reached XP level 1. HP: 14/14 MP: 1/1
    99 | D:1      | Reached XP level 2. HP: 13/19 MP: 2/2
   100 | D:1      | Reached skill level 3 in Axes
   355 | D:1      | Reached ** piety under Trog
   369 | D:1      | Reached XP level 3. HP: 23/24 MP: 3/3
   621 | D:2      | Reached XP level 4. HP: 29/29 MP: 4/4
   823 | D:2      | Noticed Terence
   844 | D:2      | Killed Terence
  1008 | D:2      | Reached skill level 1 in Stealth
  1074 | D:2      | Found a burning altar of Makhleb.
  1153 | D:2      | Reached XP level 5. HP: 31/33 MP: 5/5
  1170 | D:2      | Found an opulent altar of Gozag.
  1458 | D:3      | Reached skill level 4 in Axes
  1506 | D:3      | Found a shimmering altar of Xom.
  1506 | D:3      | Found a shadowy altar of Dithmenos.
  1535 | D:3      | Found a faded altar of an unknown god.
  1947 | D:3      | Found a snail-covered altar of Cheibriados.
  2313 | D:4      | Found a basalt altar of Yredelemnul.
  2509 | D:4      | Noticed an ogre
  2518 | D:4      | Killed an ogre
  2518 | D:4      | Reached XP level 6. HP: 39/39 MP: 6/6
  2711 | D:4      | Reached *** piety under Trog
  2744 | D:4      | Noticed an orc warrior
  2758 | D:4      | Reached skill level 5 in Axes
  2759 | D:4      | Killed an orc warrior
  2759 | D:4      | Reached XP level 7. HP: 42/44 MP: 7/7
  3013 | D:4      | Noticed ck1fx's ghost (amateur DsAK)
  3017 | D:4      | Reached skill level 5 in Fighting
  3029 | D:4      | Killed ck1fx's ghost
  3029 | D:4      | Reached skill level 6 in Axes
  3262 | D:4      | Reached XP level 8. HP: 42/49 MP: 8/8
  3331 | D:4      | Found a white marble altar of Elyvilon.
  3502 | D:5      | Entered Level 5 of the Dungeon
  3677 | D:5      | Reached skill level 7 in Axes
  3750 | D:5      | Noticed Dharzhak's ghost (novice GrEE)
  3768 | D:5      | Killed Dharzhak's ghost
  3789 | D:5      | Got a spiked leather armour
  3800 | D:5      | Identified the +1 leather armour of the Six Suns {*Drain Str+4 Int+3} (You found it on level 5 of the Dungeon)
  3813 | D:5      | Found a staircase to the Ecumenical Temple.
  3964 | Temple   | Entered the Ecumenical Temple
  4205 | D:6      | Reached skill level 5 in Armour
  4329 | D:6      | Reached **** piety under Trog
  4329 | D:6      | Reached skill level 8 in Axes
  4346 | D:6      | Reached XP level 9. HP: 45/55 MP: 9/9
  4704 | D:6      | Found Kuisag's Antique Weapon Boutique.
  4752 | D:6      | Found an ancient bone altar of Kikubaaqudgha.
  4769 | D:6      | Found a shattered altar of Ashenzari.
  4904 | D:6      | Found a blossoming altar of Fedhas.
  5849 | D:7      | Noticed a troll
  5865 | D:7      | Killed a troll
  5865 | D:7      | Reached skill level 9 in Axes
  6750 | D:8      | Found a glowing silver altar of Zin.
  6780 | D:8      | Noticed Pikel
  6787 | D:8      | Reached XP level 10. HP: 59/63 MP: 10/10
  6793 | D:8      | Killed Pikel
  6793 | D:8      | Reached skill level 10 in Axes
  6946 | D:8      | Reached ***** piety under Trog
  6974 | D:8      | Found a hide-covered altar of Uskayaw.
  7445 | D:9      | Noticed a two-headed ogre
  7485 | D:9      | Found an iron altar of Okawaru.
  7510 | D:9      | Noticed a centaur warrior
  7529 | D:9      | Killed a centaur warrior
  7655 | D:9      | Reached skill level 11 in Axes
  7888 | D:10     | Entered Level 10 of the Dungeon
  7916 | D:10     | Noticed a green ugly thing
  7932 | D:10     | Killed a green ugly thing
  8013 | D:10     | Reached skill level 5 in Dodging
  8082 | D:10     | Reached XP level 11. HP: 69/69 MP: 11/11
  8661 | D:9      | Found an ornate altar of the Wu Jian Council.
  8817 | D:9      | Noticed a two-headed ogre
  8827 | D:9      | Killed a two-headed ogre
  8969 | D:9      | Received a gift from Trog
  8981 | D:9      | Found a runed door.
  8983 | D:9      | Found a runed gate.
  8991 | D:9      | Found a runed gate.
  8991 | D:9      | Found a runed gate.
  8999 | D:9      | Found a runed door.
  9038 | D:9      | Found the +9 staff of Olgreb {rPois}
  9151 | D:9      | Killed a two-headed ogre
  9502 | D:9      | Found a staircase to the Lair.
  9716 | D:10     | Reached skill level 10 in Fighting
 10117 | D:11     | Noticed a two-headed ogre
 10133 | D:11     | Killed a two-headed ogre
 10133 | D:11     | Reached skill level 12 in Axes
 10563 | D:11     | Found a staircase to the Orcish Mines.
 10685 | D:11     | Reached skill level 5 in Stealth
 10692 | D:11     | Reached XP level 12. HP: 58/78 MP: 12/12
 11441 | Lair:1   | Entered Level 1 of the Lair of Beasts
 11648 | Lair:1   | Received a gift from Trog
 12249 | Lair:1   | Reached skill level 13 in Axes
 12260 | Lair:1   | Reached ****** piety under Trog
 12282 | Lair:1   | You fall through a shaft!
 12548 | Lair:2   | Noticed a five-headed hydra
 12561 | Lair:2   | HP: 3/120 [ten-headed hydra (6)]
 12561 | Lair:2   | HP: 1/120 [ten-headed hydra (2)]
 12561 | Lair:2   | Slain by a ten-headed hydra

Skill      XL: |  1  2  3  4  5  6  7  8  9 10 11 12 |
---------------+-------------------------------------+-----
Axes           | 3 4 5 6 8 9 11 12 13 | 13.1
Dodging        | 2 3 4 5 6 |  6.8
Fighting       | 4 5 6 7 8 10 11 | 11.0
Stealth        | 1 2 3 5 |  5.8
Armour         | 3 4 5 6 |  6.6

Action                   |  1- 3 |  4- 6 |  7- 9 | 10-12 || total
-------------------------+-------+-------+-------+-------++-------
Melee: Hand axe          |    66 |   196 |   402 |   756 ||  1420
Invok: Berserk           |     1 |     4 |     7 |    18 ||    30
       Burn Spellbooks   |       |       |     1 |       ||     1
  Use: Scroll            |       |     9 |    14 |     6 ||    29
       Potion            |       |       |       |     1 ||     1
 Stab: Sleeping          |     1 |       |     1 |     7 ||     9
       Distracted        |       |       |     1 |     3 ||     4
  Eat: Chunk             |       |    10 |    15 |    27 ||    52
       Ration            |       |       |     1 |     3 ||     4
Armor: Animal skin       |    27 |     7 |       |       ||    34
       Chain mail        |       |    98 |   103 |       ||   201
       Leather armour    |       |       |   105 |   267 ||   372
Dodge: Dodged            |    50 |    91 |   223 |   485 ||   849
